AoeStats
← Tweedle Dum

Lombardia

507386682Analyzed
2v2 RM · 16d ago on Sep 18, 2026· 23m 24s· 4 players
Game mode
Random Map
Map size
Medium (4 player)
Population
200
Speed
Normal
Resources
Standard
Victory
Conquest
Starting age
Dark Age
Ending age
Imperial Age
RankedLock teamsTeams togetherTeam positionsShared explorationLock speedFull tech treeHidden civsTurbo modeCheats
Victory
Defeat
🇺🇸 Franks · United States
1497
+10
🇺🇸 Malay · United States
1496
+10
🇺🇸 Dravidians · United States
1395
-11
🇺🇸 Japanese · United States
1327
-9
License to Boom
4:59 Loom
11:14 Feudal Age
16:00 Castle Age
19:15 Scale Barding Armor
Gilboy
7:08 Loom
9:23 Loom
11:09 Feudal Age
13:40 Double-Bit Axe
17:48 Fletching
18:34 Padded Archer Armor
Tweedle Dee
6:23 Loom
8:54 Feudal Age
9:59 Double-Bit Axe
13:15 Wheelbarrow
21:12 Forging
23:43 Castle Age
21:59 Gold Mining
22:38 Scale Barding Armor
23:28 Forging
Tweedle Dum
7:54 Loom
10:03 Feudal Age
10:32 Double-Bit Axe
14:08 Town Watch
14:49 Fletching
21:43 Castle Age
19:44 Horse Collar
20:45 Crossbowman
21:34 Bodkin Arrow
21:55 Bow Saw
Connection lost

Rejoining the realm…

Still unreachable

The connection could not be restored.

Session expired

The server has moved on; the page needs a fresh start.